 Dungeon Crawl Stone Soup version 0.30-a0-879-ga8ba668304 (webtiles) character file.

Game seed: 14188548865181665738

146377 cforsyth the Severer (level 17, -13/140 HPs)
             Began as a Barachi Fighter on Mar 12, 2023.
             Was the Champion of Cheibriados.
             Succumbed to an emperor scorpion's poison
             ... on level 2 of the Spider Nest.
             The game lasted 00:57:30 (32766 turns).

cforsyth the Severer (Barachi Fighter)             Turns: 32766, Time: 00:57:31

Health: -13/140    AC: 25    Str: 43    XL:     17   Next: 44%
Magic:  2/35       EV: 19    Int: 28    God:    Cheibriados [******]
Gold:   3153       SH:  9    Dex: 26    Spells: 38/44 levels left

rFire   + + .      SeeInvis .    K - +6 broad axe (flame)
rCold   x . .      Faith    .    c - +2 buckler
rNeg    . . .      Spirit   .    W - +0 fire dragon scales
rPois   .          Reflect  .    H - +2 hat
rElec   .          Rampage  .    m - +2 cloak
rCorr   .                        v - +1 pair of gloves
Will    ++...                    I - +2 pair of boots {Fly} Stlth
                                 k - amulet of regeneration
HPRegen 1.23/turn                r - +6 ring of strength
MPRegen 0.24/turn                Z - ring of willpower

@: lethally poisoned (-13 -> -104), flying, studying Invocations, very slow
A: amphibious, slowness 1, strong legs 2, +LOS
a: Hop, Renounce Religion, Bend Time, Temporal Distortion, Slouch, Step From
Time


You were on level 2 of the Spider Nest.
You worshipped Cheibriados.
Cheibriados was exalted by your worship.
You visited 5 branches of the dungeon, and saw 25 of its levels.
You also visited: Sewer and Ice Cave.

You collected 3776 gold pieces.
You spent 623 gold pieces at shops.

Inventory:

Hand Weapons
 a - a +3 broad axe of freezing
 n - the +11 broad axe of Annoyance {freeze, Fragile Fly rCorr Stlth+}
   (You found it in an ice cave)

   Fly:       It grants you flight.
   rCorr:     It protects you from acid and corrosion.
   Fragile:   It will be destroyed if unequipped.
   Stlth:     It makes you more stealthy.
 K - a +6 broad axe of flaming (weapon)
 Y - the +1 war axe "Tuberua" {flame, rElec rPois rF++ rC+}
   (You bought it in a shop on level 2 of the Orcish Mines)

   rF:        It greatly protects you from fire.
   rC:        It protects you from cold.
   rElec:     It insulates you from electricity.
   rPois:     It protects you from poison.
Armour
 c - a +2 buckler (worn)
 m - a +2 cloak (worn)
 p - a +0 troll leather armour {Pargi}
 v - a +1 pair of gloves (worn)
 H - a +2 hat (worn)
 I - a +2 pair of boots of flying (worn)
 W - +0 fire dragon scales (worn)
Jewellery
 e - a ring of poison resistance
 k - an amulet of regeneration (around neck)
 r - a +6 ring of strength (left hand)
 z - a ring of ice
 B - a ring of willpower
 E - a ring of flight
 F - a +6 ring of intelligence
 L - a +6 ring of intelligence
 U - an amulet of reflection
 Z - a ring of willpower (right hand)
Wands
 f - a wand of digging (10)
 g - a wand of iceblast (13)
 u - a wand of paralysis (12)
 D - a wand of polymorph (8)
 O - a wand of quicksilver (14)
 R - a wand of flame (1)
Scrolls
 b - 5 scrolls of poison
 h - 3 scrolls of teleportation
 i - 8 scrolls of enchant armour
 j - 7 scrolls of fog
 x - 2 scrolls of fear
 y - a scroll of butterflies
 M - 3 scrolls of magic mapping
 P - a scroll of silence
 Q - 2 scrolls of vulnerability
 S - 4 scrolls of amnesia
 T - 3 scrolls of blinking
 V - 4 scrolls of immolation
 X - 9 scrolls of identify
Potions
 d - 10 potions of might
 l - 4 potions of magic
 o - 2 potions of attraction
 q - 4 potions of brilliance
 s - 12 potions of curing
 t - a potion of cancellation
 w - 5 potions of heal wounds
 A - 3 potions of flight
 C - 4 potions of ambrosia
 G - 6 potions of invisibility
 J - a potion of lignification
 N - 4 potions of mutation


   Skills:
 + Level 14.9 Fighting
 - Level 19.1 Axes
 + Level 14.9 Armour
 + Level 9.5 Dodging
 - Level 6.2 Shields
 - Level 14.4 Spellcasting
 - Level 10.0 Translocations


You had 38 spell levels left.
You knew the following spells:

 Your Spells              Type           Power      Damage    Failure   Level
a - Blink                 Tloc           100%       N/A       1%          2
b - Manifold Assault      Tloc           66%        N/A       1%          4

Your spell library contained the following spells:

 Spells                   Type           Power      Damage    Failure   Level
 Gell's Gravitas          Tloc           66%        N/A       1%          3
 Teleport Other           Tloc           66%        N/A       1%          3
 Kindle Blastsparks       Fire/Tloc/Air  76%        2d16      3%          3
 Beastly Appendage        Tmut           40%        N/A       4%          1
 Foxfire                  Conj/Fire      80%        2x1d8     4%          1
 Sting                    Tmut/Pois      80%        1d7       4%          1
 Cigotuvi's Dreadful Rot  Necr/Pois/Air  40%        N/A       8%          2
 Poisonous Vapours        Pois/Air       40%        N/A       8%          2
 Wereblood                Tmut           20%        N/A       8%          2
 Dispersal                Tloc           33%        N/A       13%         6
 Hailstorm                Conj/Ice       20%        3d6       16%         3
 Ignite Poison            Fire/Tmut/Pois 20%        N/A       16%         3
 Mephitic Cloud           Conj/Pois/Air  20%        N/A       16%         3
 Spider Form              Tmut/Pois      20%        N/A       16%         3
 Airstrike                Air            10%        2d(2-18)  45%         4
 Animate Armour           Summ/Erth      40%        N/A       45%         4
 Ice Form                 Ice/Tmut       20%        N/A       45%         4
 Olgreb's Toxic Radiance  Pois           20%        N/A       45%         4
 Summon Lightning Spire   Summ/Air       20%        N/A       45%         4
 Alistair's Intoxication  Tmut/Pois      13%        N/A       80%         5
 Blade Hands              Tmut           10%        N/A       80%         5
 Fireball                 Conj/Fire      10%        3d6       80%         5
 Freezing Cloud           Conj/Ice/Air   10%        6-21      80%         5
 Lightning Bolt           Conj/Air       10%        1d23      80%         5
 Yara's Violent Unravell  Hex/Tmut       10%        3d6       80%         5
 Iron Shot                Conj/Erth      10%        9d3       100%        6
 Simulacrum               Ice/Necr       10%        N/A       100%        6
 Starburst                Conj/Fire      10%        6d5       100%        6
 Storm Form               Tmut/Air       10%        N/A       100%        7


Dungeon Overview and Level Annotations

Branches:
Dungeon (15/15)            Temple (1/1) D:4            Lair (5/5) D:8
 Shoals (0/4) Lair:3       Spider (2/4) Lair:2        Slime (0/5) Lair:4
    Orc (2/2) D:10            Elf (0/3) Orc:2        Vaults (0/5) D:13
 Depths (0/4) D:15          Sewer (visited)           IceCv (visited)

Altars:
Ashenzari
Cheibriados
Dithmenos
Elyvilon
Fedhas
Gozag
Hepliaklqana
Kikubaaqudgha
Makhleb
Nemelex Xobeh
Okawaru
Qazlal
Ru
Sif Muna
Trog
Uskayaw
Vehumet
Wu Jian
Xom
Yredelemnul
Zin
The Shining One
Jiyva

Shops:
D:9 (   Orc:1 ((*:(   Orc:2 ((*?*((

Annotations:
Lair:4 1 runed translucent door


Innate Abilities, Weirdness & Mutations

You are amphibious.
You cover ground slowly.
You can hop long distances.
You have an extended range of vision and can be seen from far away.


Message History

You hit the emperor scorpion but do no damage.
The emperor scorpion is lightly wounded.
You hit the redback. You burn the redback.
You feel extremely sick. You block the redback's attack.
The emperor scorpion closely misses you.
The emperor scorpion claws you but does no damage.
You block the emperor scorpion's attack.
You slash the emperor scorpion! You burn the emperor scorpion.
The emperor scorpion is lightly wounded.
You slash the redback! You burn the redback.
You feel extremely sick.
The redback bites you but does no damage.
You block the emperor scorpion's attack. x2
The emperor scorpion claws you but does no damage.
You slice the emperor scorpion!! You burn the emperor scorpion!
The emperor scorpion is heavily wounded.
You slash the redback! You burn the redback.
You kill the redback!
Cheibriados thoroughly appreciates the change of pace.
You feel extremely sick. The emperor scorpion stings you!
You are lethally poisoned!
The emperor scorpion poisons you!
The emperor scorpion claws you but does no damage.
You block the emperor scorpion's attack.
You hit the emperor scorpion but do no damage.
The emperor scorpion is heavily wounded.
You slash the sun moth! You burn the sun moth.
You feel extremely sick. The emperor scorpion stings you.
The emperor scorpion closely misses you.
The emperor scorpion claws you but does no damage.
The sun moth throws energy at you. The bolt of energy hits you!!!
* * * LOW HITPOINT WARNING * * *
Blink to where?
Press: ? - help, Dir - move target
As you read the scroll of blinking, it crumbles to dust.
You die...

~###~###โ‰ˆ~~...........#.....#...#
~~~###~~~~.............^#########
#~~โ‰ˆ~โ‰ˆ~~.............^..###.#..##
##~~~~~.............######.....^#
..................#^######..^...#
####..............##...^##..^#^.#
#..............##.....#####..#
##.........#..^....#...#.#.^^#
#...........@.^^..##........#
##......#........##.....^...#
##............^..#.#.^##.^..##
#...#..#...^..^...########..#
##.....#...##.........# ####
##^...#...####.^.....# ###......#
##..^...# ##......## #..#..##
##.......# #ยง.#..#


There were no monsters in sight!

Vanquished Creatures
  Agnes (Spider:2)
  An azure jelly (D:15)
  2 frost giants (IceCv)
  2 emperor scorpions (Spider:2)
  A broodmother (Spider:2)
  2 orc warlords (Orc:1)
  A white draconian (IceCv)
  Snorg (Lair:5)
  4 fire dragons
  An entropy weaver (Spider:2)
  Fannar (D:11)
  2 hydras
  2 vault guards (D:13)
  2 ice dragons
  2 ironbound frosthearts (IceCv)
  3 centaur warriors
  2 catoblepae
  8 two-headed ogres
  5 boulder beetles
  2 radroaches (Spider:2)
  2 death yaks (Lair:5)
  5 orc high priests (Orc:2)
  2 skysharks (Lair:4)
  The ghost of jerryboi the Protected, a novice HOFi of Ru (D:10)
  Urug (Lair:1)
  A fire crab (shapeshifter) (D:15)
  A deep elf knight (D:13)
  3 skeletal warriors
  Lodul (D:12)
  A swamp dragon (Lair:5)
  A sun moth (Spider:2)
  6 orb spiders
  An orange crystal statue (IceCv)
  A deep troll (D:10)
  A lindwurm (Lair:5)
  5 steelbarb worms
  6 orc knights
  13 wolf spiders
  14 ugly things
  3 deep elf pyromancers
  5 manticores
  2 moths of wrath (Spider:2)
  4 necromancers (D:13)
  4 cyclopes
  2 orc sorcerers (Orc:2)
  A merfolk siren (Lair:3)
  19 elephants
  7 black mambas
  13 demonic crawlers
  6 cane toads
  2 gargoyles
  9 torpor snails
  21 rime drakes
  3 kobold demonologists
  An unseen horror (D:10)
  11 komodo dragons
  2 freezing wraiths (D:15)
  2 efreet (D:13)
  2 tengu conjurers (D:14)
  3 meliai
  24 polar bears
  6 trolls
  4 tyrant leeches (Lair:5)
  13 tarantellas
  11 hornets
  19 blink frogs
  9 dream sheep (Lair:5)
  15 jumping spiders
  4 slime creatures (D:15)
  2 vampires
  A spriggan (D:12)
  3 shadows
  A water elemental (D:15)
  7 wyverns
  12 culicivoras
  3 wraiths
  27 yaks
  18 humans (D:13)
  2 basilisks
  16 redbacks
  3 steam dragons
  6 vampire mosquitoes
  Menkaure (D:7)
  4 wargs (Orc:1)
  2 acid dragons
  2 ice beasts
  4 swamp drakes
  11 water moccasins
  2 black bears (D:8)
  Pargi (Sewer)
  44 orc warriors
  2 sky beasts (D:7)
  24 ogres
  5 wolves (Lair:5)
  9 centaurs
  2 phantoms
  18 bullfrogs
  3 kobold brigands
  4 scorpions
  5 wights (D:8)
  14 killer bees
  5 howler monkeys
  5 electric eels
  3 hounds
  A jelly (D:6)
  40 orc priests
  2 gnoll boudas
  9 iguanas
  Ijyb (D:4)
  29 orc wizards
  2 hell rats (Lair:5)
  Robin (D:4)
  11 gnolls
  8 adders
  6 river rats (Lair:5)
  A shadow imp (D:8)
  3 white imps
  2 worms
  A dart slug (D:1)
  104 orcs
  11 ball pythons
  3 bats
  4 endoplasms
  3 giant cockroaches
  14 goblins
  16 hobgoblins
  3 jackals (D:3)
  12 kobolds
  A quokka (D:1)
  3 frilled lizards
  3 rats
  A bush (Lair:4)
904 creatures vanquished.

Vanquished Creatures (others)
  24 fungi
  67 plants
91 creatures vanquished.

Grand Total: 995 creatures vanquished

Notes
Turn   | Place    | Note
-------+----------+-------------------------------------------
     0 | D:1      | cforsyth the Barachi Fighter began the quest for the Orb.
     0 | D:1      | Reached XP level 1. HP: 18/18 MP: 1/1
   250 | D:1      | Reached XP level 2. HP: 19/24 MP: 2/2
   875 | D:2      | Reached XP level 3. HP: 30/30 MP: 3/3
  1084 | D:2      | Identified the +6 ring mail of Keemmaupt {Rampage}
  1569 | D:3      | Found a glowing silver altar of Zin.
  1569 | D:3      | Noticed a scorpion
  1597 | D:3      | Killed a scorpion
  1598 | D:3      | Reached skill level 3 in Axes
  1598 | D:3      | Reached XP level 4. HP: 19/38 MP: 4/4
  1829 | D:3      | Reached XP level 5. HP: 34/43 MP: 5/5
  1843 | D:3      | Found a glowing drain.
  1861 | Sewer    | Entered a sewer
  1902 | Sewer    | Noticed Pargi
  1924 | Sewer    | Killed Pargi
  1925 | Sewer    | Reached skill level 5 in Fighting
  1925 | Sewer    | Reached skill level 5 in Armour
  2150 | D:3      | Found a hide-covered altar of Uskayaw.
  2232 | D:3      | Found a sacrificial altar of Ru.
  2437 | D:4      | Reached XP level 6. HP: 51/51 MP: 6/6
  2487 | D:4      | Reached skill level 4 in Axes
  2506 | D:4      | Identified the +5 long sword of the Everdark {antimagic,
                  | rPois rC- Int-2 Dex+4}
  2518 | D:4      | Reached skill level 5 in Shields
  2583 | D:4      | Reached XP level 7. HP: 37/56 MP: 7/7
  2681 | D:4      | Found a staircase to the Ecumenical Temple.
  2688 | Temple   | Entered the Ecumenical Temple
  2797 | Temple   | Became a worshipper of Cheibriados the Contemplative
  2866 | D:4      | Noticed Ijyb
  2869 | D:4      | Paralysed by Ijyb for 3 turns
  2877 | D:4      | Paralysed by Ijyb for 3 turns
  2884 | D:4      | Killed Ijyb
  3042 | D:4      | Found a sparkling altar of Nemelex Xobeh.
  3251 | D:4      | Noticed Robin
  3254 | D:4      | Reached * piety under Cheibriados
  3279 | D:4      | Killed Robin
  3430 | D:5      | Entered Level 5 of the Dungeon
  3510 | D:5      | Noticed a fire elemental
  3537 | D:5      | Found a stormy altar of Qazlal.
  3537 | D:5      | Noticed an air elemental
  3539 | D:5      | Noticed a water elemental
  3574 | D:5      | Reached skill level 5 in Axes
  3745 | D:5      | Reached XP level 8. HP: 43/65 MP: 8/8
  3855 | D:5      | Reached ** piety under Cheibriados
  4260 | D:6      | Reached skill level 6 in Axes
  4532 | D:6      | Reached *** piety under Cheibriados
  4899 | D:7      | Identified a scroll of acquirement
  4899 | D:7      | Acquired a manual of Invocations
  4911 | D:7      | Reached XP level 9. HP: 74/74 MP: 9/9
  5272 | D:7      | Noticed Menkaure
  5279 | D:7      | Killed Menkaure
  5374 | D:7      | Reached skill level 7 in Axes
  5738 | D:8      | Noticed an elephant
  5739 | D:8      | Found a staircase to the Lair.
  5773 | D:8      | Killed an elephant
  5774 | D:8      | Reached skill level 8 in Axes
  5859 | D:8      | Reached XP level 10. HP: 55/84 MP: 10/10
  5895 | D:8      | Reached **** piety under Cheibriados
  5908 | D:8      | Reached skill level 10 in Fighting
  5908 | D:8      | Reached skill level 10 in Armour
  6055 | D:8      | Identified the +1 scale mail of the End {Will- rCorr Str+2}
  6345 | D:8      | Noticed a two-headed ogre
  6356 | D:8      | Killed a two-headed ogre
  6357 | D:8      | Reached skill level 9 in Axes
  6487 | D:9      | Noticed a two-headed ogre
  6495 | D:9      | Killed a two-headed ogre
  6865 | D:9      | Learned a level 2 spell: Blink
  6894 | D:9      | Reached ***** piety under Cheibriados
  6895 | D:9      | Reached skill level 10 in Axes
  6970 | D:9      | Found Cyc Mer's Weapon Emporium.
  7046 | D:9      | Reached skill level 1 in Spellcasting
  7046 | D:9      | Reached skill level 1 in Translocations
  7062 | D:9      | Bought a +2 heavy broad axe for 326 gold pieces
  7227 | D:10     | Entered Level 10 of the Dungeon
  7273 | D:10     | Found a white marble altar of Elyvilon.
  7274 | D:10     | Found a shimmering blue altar of Sif Muna.
  7277 | D:10     | Found a bloodstained altar of Trog.
  7386 | D:10     | Found a basalt altar of Yredelemnul.
  7415 | D:10     | Found a runed translucent gate.
  7417 | D:10     | Found a runed translucent gate.
  7417 | D:10     | Found an opulent altar of Gozag.
  7418 | D:10     | Found a runed translucent gate.
  7420 | D:10     | Noticed jerryboi's ghost (novice HOFi)
  7420 | D:10     | Noticed a cyclops
  7420 | D:10     | Noticed a manticore
  7474 | D:10     | Reached XP level 11. HP: 47/93 MP: 13/13
  7502 | D:10     | Noticed a two-headed ogre
  7511 | D:10     | Killed a two-headed ogre
  7693 | D:10     | Noticed a centaur warrior
  7693 | D:10     | Noticed a deep troll
  7693 | D:10     | Noticed an orc knight
  7693 | D:10     | Noticed a catoblepas
  7853 | D:10     | Killed an orc knight
  8049 | D:11     | Noticed a two-headed ogre
  8083 | D:11     | Killed a two-headed ogre
  8084 | D:11     | Reached skill level 11 in Axes
  8102 | D:11     | Noticed Fannar
  8111 | D:11     | Killed Fannar
  8112 | D:11     | Reached skill level 5 in Translocations
  8212 | D:11     | Found a snail-covered altar of Cheibriados.
  8366 | D:11     | Noticed a deep elf pyromancer
  8374 | D:11     | Killed a deep elf pyromancer
  8375 | D:11     | Reached skill level 5 in Spellcasting
  8714 | D:11     | Noticed an orc knight
  8720 | D:11     | Killed an orc knight
  8802 | D:12     | Noticed a deep elf pyromancer
  8803 | D:12     | Reached skill level 12 in Axes
  8817 | D:11     | Killed a deep elf pyromancer
  8818 | D:11     | Reached XP level 12. HP: 100/100 MP: 21/21
  8937 | D:12     | Noticed a boulder beetle
  8955 | D:12     | Killed a boulder beetle
  9138 | D:12     | Reached ****** piety under Cheibriados
  9150 | D:12     | Noticed a two-headed ogre
  9153 | D:12     | Killed a two-headed ogre
  9169 | D:12     | Noticed Lodul
  9176 | D:12     | Killed Lodul
  9413 | D:12     | Noticed a two-headed ogre
  9418 | D:12     | Killed a two-headed ogre
  9419 | D:12     | Reached skill level 13 in Axes
 10109 | D:13     | Noticed a vault guard
 10131 | D:13     | Killed a vault guard
 10132 | D:13     | Reached skill level 14 in Axes
 10139 | D:13     | Noticed a vault guard
 10161 | D:13     | Noticed a centaur warrior
 10166 | D:13     | Killed a centaur warrior
 10167 | D:13     | Gained mutation: You can hop long distances. [Barachi
                  | growth]
 10167 | D:13     | Reached XP level 13. HP: 105/106 MP: 26/26
 10301 | Lair:1   | Entered Level 1 of the Lair of Beasts
 10401 | Lair:1   | Reached skill level 10 in Spellcasting
 10488 | Lair:1   | Noticed Urug
 10494 | Lair:1   | Killed Urug
 10687 | Lair:1   | Reached skill level 15 in Axes
 10984 | Lair:2   | Found a hole to the Spider Nest.
 11203 | Lair:2   | Learned a level 4 spell: Manifold Assault
 12436 | Lair:3   | You are sucked into a shaft and drop 2 floors!
 12436 | Lair:5   | Entered Level 5 of the Lair of Beasts
 12436 | Lair:5   | Noticed Snorg
 12512 | Lair:5   | Reached skill level 16 in Axes
 12524 | Lair:5   | Killed Snorg
 12530 | Lair:5   | Reached XP level 14. HP: 44/113 MP: 30/30
 13275 | Lair:5   | Reached skill level 17 in Axes
 13934 | Lair:5   | Found a runed translucent door.
 14149 | Lair:5   | Identified the +0 battleaxe of Destiny {flame, rN+}
 14759 | Lair:4   | Reached skill level 18 in Axes
 14935 | Lair:4   | Reached XP level 15. HP: 118/119 MP: 33/33
 15148 | Lair:4   | Found a runed translucent door.
 15149 | Lair:4   | Found a viscous altar of Jiyva.
 15377 | Lair:4   | Found a staircase to the Slime Pits.
 16452 | Lair:3   | Found a staircase to the Shoals.
 16831 | D:10     | Found a staircase to the Orcish Mines.
 17230 | D:10     | Found a hazy altar of Hepliaklqana.
 17380 | Orc:1    | Entered Level 1 of the Orcish Mines
 17474 | Orc:1    | Found Oweosh's Book Emporium.
 17701 | Orc:1    | Noticed an orc warlord
 17731 | Orc:1    | Killed an orc warlord
 17878 | Orc:1    | Noticed an orc warlord
 17906 | Orc:1    | Killed an orc warlord
 18151 | Orc:1    | Got Progressing With Casting
 18193 | Orc:1    | Identified the +2 mace "Taeph" {holy, Contam +Blink Will+++
                  | Stlth-}
 18269 | Orc:1    | Found Qimpoosiuf's Antique Weapon Shop.
 18360 | Orc:1    | Found Debrit's Weapon Emporium.
 18410 | Orc:1    | Found Seanwan's General Store.
 18412 | Orc:1    | Found Kaanihem's Weapon Shoppe.
 18763 | Orc:2    | Entered Level 2 of the Orcish Mines
 18952 | Orc:2    | Found Puamp's Antique Weapon Shop.
 19008 | Orc:2    | Reached skill level 19 in Axes
 19279 | Orc:2    | Found Omoivvor's General Store.
 20167 | Orc:2    | Reached skill level 1 in Dodging
 20277 | Orc:2    | Found a staircase to the Elven Halls.
 20950 | Orc:2    | Found Kiok's Magic Scroll Emporium.
 20951 | Orc:2    | Found Fuetothre's Antique Weapon Shoppe.
 20951 | Orc:2    | Found Ysesaete's General Store.
 20956 | Orc:2    | Found Zukkyt's Antique Weapon Shoppe.
 20980 | Orc:2    | Bought a transparent war axe for 297 gold pieces
 20980 | Orc:2    | Identified the +1 war axe "Tuberua" {flame, rElec rPois
                  | rF++ rC+} (You bought it in a shop on level 2 of the Orcish
                  | Mines)
 21102 | Orc:2    | Found Jiesch's Weapon Shoppe.
 21303 | D:10     | Killed jerryboi's ghost
 22398 | D:13     | Found a gate to the Vaults.
 23329 | D:14     | Found a radiant altar of Vehumet.
 23547 | D:14     | You are sucked into a shaft and drop 1 floor!
 23547 | D:15     | Entered Level 15 of the Dungeon
 23568 | D:15     | Reached XP level 16. HP: 127/127 MP: 15/34
 23650 | D:15     | Noticed an azure jelly
 23658 | D:15     | Killed an azure jelly
 23801 | D:15     | Found a frozen archway.
 23807 | IceCv    | Entered an ice cave
 24171 | IceCv    | Reached skill level 5 in Dodging
 25053 | IceCv    | Reached skill level 10 in Translocations
 25095 | IceCv    | Identified the +11 broad axe of Annoyance {freeze, Fragile
                  | Fly rCorr Stlth+}
 25206 | IceCv    | Upgraded the game from 0.30-a0-870-gc5d4c5acee to
                  | 0.30-a0-879-ga8ba668304
 26422 | D:15     | Found a staircase to the Depths.
 26618 | D:15     | Identified the +5 ring mail "Qeff" {Will- Str+2 Dex+3}
 27593 | Spider:1 | Entered Level 1 of the Spider Nest
 29560 | Spider:2 | Noticed Agnes
 29573 | Spider:2 | Killed Agnes
 29968 | Spider:2 | Reached XP level 17. HP: 131/139 MP: 22/35
 32765 | Spider:2 | HP: 3/140 [disintegration (41)]
 32766 | Spider:2 | Succumbed to an emperor scorpion's poison

Illustrated notes

Levels and vault maps discovered:
D:1:      wander_arrival_lonely_grave, layout_loops_ring
D:2:      layout_basic, serial_bayou_crossing
D:3:      minmay_razor_zed, layout_rooms, mainiacjoe_overflow_boulevard,
          nicolae_ru_sacrificial_ziggurat, mainiacjoe_overflow_small_starburst,
          portal_sewer_entry_d, uniq_terence
D:4:      layout_basic, nicolae_overflow_crystal_walls,
          minmay_temple_entry_fiery, minmay_increasing_density, uniq_ijyb,
          uniq_robin
D:5:      layout_gridville, nicolae_qazlal_style_of_elements
D:6:      layout_loops_ring, grunt_decor_arrowhead
D:7:      layout_loops_corners, uniq_menkaure
D:8:      layout_loops_cross, david_lair_generic, small_chamber_with_monster
D:9:      layout_loops_ring, serial_shops, nicolae_shop_window_shopping
D:10:     kennysheep_blocky_hall, layout_rooms,
          chequers_temple_overflow_statue_of_worship,
          mainiacjoe_overflow_alcove_4, mainiacjoe_overflow_cross_hatched,
          erik_orc_1, ebering_ghost_gozag, minivault_25_ag,
          amcnicky_mini_pool_medium
D:11:     cheibrodos_orc_bank, layout_loops_ring, cheibrodos_worm_habitat,
          uniq_fannar
D:12:     layout_rooms, the_hattery, uniq_lodul
D:13:     layout_layer_cave, grunt_vaults_entry_tiered, serial_rivers,
          chequers_serial_rivers_micro_c, chequers_serial_rivers_micro_a,
          chequers_serial_rivers_room_a, chequers_serial_rivers_micro_e,
          chequers_serial_rivers_micro_b, chequers_serial_rivers_micro_b
D:14:     layout_roguey, nicolae_vehumet_altar_sigil
D:15:     grunt_enter_depths_hoard, layout_layer_cave, serial_bayou_lagoon_a,
          portal_ice_cave_entry_horrid_things, special_room [special_room_orc]
Temple:   chequers_temple_sunken
Lair:1:   layout_roguey, st_stairs_3, infiniplex_staircase_pool_2,
          lemuel_fruit_fields, uniq_urug
Lair:2:   layout_hall_layers, nicolae_spider_entry_orb_guardian
Lair:3:   layout_cellular_growth, minmay_shoals_entry_lonely_mermaid,
          chequers_serial_rivers_small_b
Lair:4:   layout_cave_pods, slime_entry_2, serial_bayou_shore_a
Lair:5:   wormcave, layout_gridlike, guppyfry_lair_end_dragon,
          kennysheep_rathole, grunt_megastairs_4, lemuel_fruit_fields,
          uniq_snorg
Spider:1: layout_spider_delve
Spider:2: nicolae_spider_corner, worms_lemuel, uniq_agnes
Orc:1:    layout_caves, basic_altar, serial_shops,
          nicolae_shop_bloodbath_and_beyond, shop,
          nicolae_shop_temple_entry_statues_fountains, shop,
          nicolae_shop_waterfront, minmay_orc_treasury
Orc:2:    st_orc_mages, layout_caves, serial_shops, nicolae_shop_trees, shop,
          nicolae_shop_stone, mines1_david

Skill      XL: |  1  2  3  4  5  6  7  8  9 10 11 12 13 14 15 16 17 |
---------------+----------------------------------------------------+-----
Fighting       | 4 5 6 7 9 11 12 14 | 14.9
Armour         | 4 5 6 7 9 11 12 14 | 14.9
Axes           | 3 4 5 6 8 10 12 14 16 18 19 | 19.1
Shields        | 4 5 6 |  6.2
Spellcasting   | 1 6 9 12 14 | 14.4
Translocations | 1 5 9 10 | 10.0
Dodging        | 3 8 9 |  9.5

Action                     |  1- 3 |  4- 6 |  7- 9 | 10-12 | 13-15 | 16-18 || total
---------------------------+-------+-------+-------+-------+-------+-------++-------
  Melee: War axe           |    95 |   111 |   133 |       |       |       ||   339
         Hand axe          |       |       |   215 |   117 |       |       ||   332
         Broad axe         |       |       |       |   285 |  1002 |   740 ||  2027
   Cast: Manifold Assault  |       |       |       |       |   260 |   246 ||   506
         Blink             |       |       |       |       |     2 |       ||     2
  Evoke: Wand              |       |       |       |     9 |     1 |       ||    10
    Use: Scroll            |     3 |       |    12 |    10 |    13 |     1 ||    39
         Potion            |     3 |       |       |     1 |       |     3 ||     7
   Stab: Paralysed         |       |       |       |     1 |       |       ||     1
         Sleeping          |       |       |       |     1 |       |       ||     1
         Petrified         |       |       |       |       |     2 |       ||     2
 Armour: Scale mail        |    40 |    73 |       |       |       |       ||   113
         Skin              |    13 |       |       |       |       |       ||    13
         Troll leather arm |       |    33 |   182 |   250 |   147 |    34 ||   646
         Fire dragon scale |       |       |       |       |   191 |   138 ||   329
  Dodge: Dodged            |    48 |    90 |   154 |   186 |   284 |   283 ||  1045
  Block: Buckler           |    21 |    22 |    92 |   154 |   215 |   198 ||   702

Table legend: (Time is in decaauts)
 A = Elapsed time spent in this place.
 B = Non-inter-level travel time spent in this place.
 C = Inter-level travel time spent in this place.
 D = Time resting spent in this place.
 E = Time spent auto-exploring this place.
 F = Levels seen in this place.
 G = Mean time per level.
                   A        B        C        D        E       F      G
               +--------+--------+--------+--------+--------+-----+--------+
         Total |  52611 |  49414 |   3197 |   6671 |  35450 |  27 | 1948.6 |
       Dungeon |  26133 |  24017 |   2116 |    824 |  19488 |  15 | 1742.2 |
        Temple |    169 |    132 |     37 |      0 |    108 |   1 |  169.0 |
          Lair |  12073 |  11424 |    649 |   1124 |   8950 |   5 | 2414.6 |
   Spider Nest |   6046 |   5796 |    250 |   2719 |   2161 |   2 | 3023.0 |
  Orcish Mines |   5519 |   5377 |    142 |   1321 |   3360 |   2 | 2759.5 |
         Sewer |    305 |    305 |      0 |      0 |    207 |   1 |  305.0 |
      Ice Cave |   2364 |   2364 |      0 |    682 |   1173 |   1 | 2364.0 |
               +--------+--------+--------+--------+--------+-----+--------+

Top non-repeatable levels by time:
    D:15: 3787 daAuts
Spider:2: 3429 daAuts
  Lair:5: 3367 daAuts
    D:13: 3309 daAuts
    D:10: 2961 daAuts
   Orc:1: 2893 daAuts
  Lair:2: 2721 daAuts
   Orc:2: 2626 daAuts
Spider:1: 2616 daAuts
  Lair:4: 2611 daAuts
   IceCv: 2364 daAuts
    D:11: 2086 daAuts
    D:14: 1774 daAuts
     D:9: 1745 daAuts
  Lair:3: 1727 daAuts
